AoeStats
← darador86

Fortress

508346463Analyzed
4v4 RM · 12d ago on Sep 22, 2026· 79m 22s· 8 players
Game mode
Random Map
Map size
Huge
Population
200
Speed
Normal
Resources
Standard
Victory
Conquest
Starting age
Dark Age
Ending age
Imperial Age
RankedLock teamsTeams togetherTeam positionsShared explorationLock speedFull tech treeHidden civsTurbo modeCheats
Victory
Defeat
🇦🇷 Huns · Argentina
698
+14
🇨🇳 Huns · China
545
+20
🇮🇩 Persians · Indonesia
519
+21
🇨🇳 Huns · China
514
+21
🇹🇷 Gurjaras · Türkiye
734
-22
🇨🇱 Japanese · Chile
638
-19
🇮🇪 Tupi · Ireland
600
-18
🇺🇸 Cumans · United States
593
-17
Like Jc
2:29 Loom
7:18 Feudal Age
9:25 Double-Bit Axe
10:08 Loom
12:42 Horse Collar
19:13 Castle Age
19:44 Forging
19:27 Fletching
19:44 Scale Barding Armor
21:18 Bloodlines
23:50 Wheelbarrow
24:18 Iron Casting
25:27 Hand Cart
25:27 Pikeman
27:42 Scale Mail Armor
27:32 Town Watch
27:52 Squires
30:18 Caravan
30:41 Bow Saw
30:38 Heavy Plow
33:29 Imperial Age
32:19 Masonry
32:07 Murder Holes
33:05 Gold Mining
33:06 Stone Mining
33:40 Chain Barding Armor
33:36 Chain Mail Armor
33:17 Bodkin Arrow
33:20 Arson
35:45 Two-Man Saw
34:19 Halberdier
35:39 Crop Rotation
36:29 Blast Furnace
36:04 Plate Barding Armor
36:00 Plate Mail Armor
35:31 Padded Archer Armor
35:35 Steppe Husbandry
35:59 Conscription
36:45 Elite Steppe Lancer
37:56 Parthian Tactics
37:37 Thumb Ring
36:53 Elite Skirmisher
47:35 Leather Archer Armor
48:13 Town Patrol
50:59 Capped Ram
54:24 Ring Archer Armor
54:37 Heavy Cavalry Archer
54:40 Crossbowman
54:43 Siege Ram
73:03 Hoardings
74:42 Elite Kipchak
78:17 Light Cavalry
massanka21
5:37 Loom
10:39 Feudal Age
12:10 Wheelbarrow
12:40 Double-Bit Axe
12:45 Horse Collar
15:34 Castle Age
15:41 Fletching
16:22 Bodkin Arrow
16:42 Bow Saw
16:38 Heavy Plow
18:40 Hand Cart
19:21 Gold Mining
40:25 Imperial Age
39:46 Scale Barding Armor
39:52 Forging
41:17 Chain Barding Armor
41:17 Bloodlines
41:07 Husbandry
43:47 Frontier Guards
46:43 Iron Casting
48:08 Crop Rotation
48:55 Heavy Camel Rider
51:12 Plate Barding Armor
51:37 Kshatriyas
66:37 Light Cavalry
69:31 Hussar
Mapuche Mayer
MCAL. SOLANO LÓPEZ
8:35 Feudal Age
12:32 Double-Bit Axe
12:32 Horse Collar
16:49 Castle Age
15:31 Champi Runner
16:26 Scale Mail Armor
16:22 Fletching
21:33 Champi Warrior
27:03 Pikeman
40:05 Imperial Age
38:11 Bodkin Arrow
40:45 Ballistics
41:09 Bow Saw
41:03 Heavy Plow
46:37 Two-Man Saw
45:33 Gold Mining
46:47 Wheelbarrow
45:47 Halberdier
46:42 Forging
49:00 Chain Mail Armor
49:21 Iron Casting
51:06 Iron Casting
51:04 Plate Mail Armor
58:13 Bracer
61:02 Elite Champi Warrior
74:43 Gold Shaft Mining
76:43 Curare
76:19 Elite Blackwood Archer
76:33 Elite Blackwood Archer
genkogenka
1:02 Loom
9:20 Feudal Age
13:24 Horse Collar
18:01 Double-Bit Axe
18:09 Gold Mining
18:10 Stone Mining
19:53 Bloodlines
43:16 Castle Age
43:48 Husbandry
45:24 Gold Shaft Mining
47:43 Imperial Age
45:38 Light Cavalry
49:06 Scale Barding Armor
49:12 Forging
55:06 Wheelbarrow
54:40 Heavy Plow
57:40 Elite War Elephant
57:50 Elite War Elephant
64:38 Stone Shaft Mining
79:53 Coinage
79:34 Guilds
79:25 Caravan
darador86
9:29 Feudal Age
10:09 Horse Collar
10:16 Double-Bit Axe
10:26 Gold Mining
10:27 Stone Mining
15:51 Castle Age
15:58 Forging
15:53 Scale Barding Armor
16:43 Marauders
17:51 Wheelbarrow
17:04 Town Watch
18:54 Wheelbarrow
19:10 Bow Saw
19:20 Heavy Plow
28:37 Pikeman
41:32 Imperial Age
38:51 Town Watch
39:22 Hand Cart
41:40 Caravan
43:08 Husbandry
51:56 Elite Tarkan
60:01 Conscription
60:04 Atheism
63:31 Parthian Tactics
62:26 Heavy Cavalry Archer
63:23 Murder Holes
63:42 Masonry
65:34 Chemistry
64:55 Ballistics
AYW
12:21 Feudal Age
16:01 Wheelbarrow
16:36 Double-Bit Axe
16:34 Horse Collar
28:27 Castle Age
26:34 Stone Mining
26:36 Gold Mining
74:50 Castle Age
75:58 Heavy Plow
76:51 Coinage
76:59 Hand Cart
79:48 Imperial Age
78:44 Caravan
北风
0:46 Loom
10:42 Feudal Age
11:21 Gold Mining
11:15 Horse Collar
11:23 Double-Bit Axe
18:01 Castle Age
21:33 Imperial Age
21:01 Marauders
21:35 Bow Saw
21:27 Heavy Plow
22:16 Gold Shaft Mining
23:46 Two-Man Saw
23:29 Wheelbarrow
23:34 Scale Barding Armor
23:40 Forging
24:10 Conscription
24:55 Husbandry
25:06 Bloodlines
26:48 Hand Cart
26:46 Caravan
29:56 Iron Casting
29:42 Chain Barding Armor
28:58 Elite Tarkan
32:34 Blast Furnace
32:17 Plate Barding Armor
32:06 Murder Holes
36:21 Fletching
36:35 Padded Archer Armor
36:47 Masonry
36:59 Ballistics
37:41 Chemistry
45:12 Heavy Cavalry Archer
46:18 Parthian Tactics
64:40 Leather Archer Armor
64:20 Bodkin Arrow
Connection lost

Rejoining the realm…

Still unreachable

The connection could not be restored.

Session expired

The server has moved on; the page needs a fresh start.